 Dungeon Crawl Stone Soup version 0.29.1-1-gd02db6906a (webtiles) character file.

Game seed: 11581164732601383003

47 gzilladon the Chopper (level 3, -5/34 HPs)
             Began as a Hill Orc Monk on Sept 26, 2022.
             Slain by a gnoll
             ... wielding a +0 halberd
              (15 damage)
             ... on level 3 of the Dungeon.
             The game lasted 00:02:20 (969 turns).

gzilladon the Chopper (Hill Orc Monk)                Turns: 969, Time: 00:02:21

Health: -5/34      AC:  6    Str: 15    XL:     3   Next: 70%
Magic:  3/3        EV: 10    Int: 10    God:
Gold:   0          SH:  0    Dex: 13    Spells: 2/2 levels left

rFire   . . .      SeeInvis .   e - staff of cold
rCold   + . .      Faith    .   (no shield)
rNeg    . . .      Spirit   .   l - +0 scale mail
rPois   .          Reflect  .   (no helmet)
rElec   .          Harm     .   (no cloak)
rCorr   .          Rampage  .   (no gloves)
Will    .....                   (no boots)
Stlth   ..........              (no amulet)
HPRegen 0.11/turn               (no ring)
MPRegen 0.08/turn               (no ring)

@: no status effects
A: no striking features
a: no special abilities


You were on level 3 of the Dungeon.
You visited 1 branch of the dungeon, and saw 3 of its levels.

Inventory:

Hand Weapons
 a - a +0 hand axe
 h - a +1 dagger of electrocution
Armour
 b - a +0 robe
 f - a +0 ring mail
 l - a +0 scale mail (worn)
Magical Staves
 e - a staff of cold (weapon)
Jewellery
 k - a +4 ring of evasion
Scrolls
 g - 2 scrolls of identify {unknown}
Potions
 d - a potion of cancellation {unknown}
 i - a potion of brilliance {unknown}
 j - 2 potions of curing {unknown}
 m - a potion of berserk rage {unknown}


   Skills:
 * Level 4.5 Fighting
 + Level 4.5 Axes
 * Level 1.2 Armour
 + Level 2.6 Dodging
 - Level 1.5 Stealth


You had 2 spell levels left.
You didn't know any spells.
Your spell library was empty.

Dungeon Overview and Level Annotations

Branches:
Dungeon (3/15)

Altars:

Shops:
D:2 (


Message History

The gnoll hits you from afar with a +0 halberd.
* * * LOW HITPOINT WARNING * * *
Your Armour skill increases to level 1!
You are confused.
You feel invigorated. The gnoll barely misses you.
The gnoll hits you with a +0 club.
* * * LOW HITPOINT WARNING * * *
e - a staff of cold (weapon)
The gnoll barely misses you. The gnoll closely misses you.
You hit the gnoll.
The gnoll is severely wounded.
The gnoll barely misses you.
You bump into the rock wall.
The gnoll barely misses you. The gnoll closely misses you.
The gnoll completely misses you. The gnoll attacks as you move away!
The gnoll hits you with a +0 club. The gnoll misses you.
You see here a +0 club.
The gnoll hits you but does no damage. The gnoll barely misses you.
You hit the gnoll but do no damage.
The gnoll is severely wounded.
You feel less invigorated.
You feel less confused. The gnoll closely misses you.
The gnoll barely misses you. The gnoll closely misses you. x2
You barely miss the gnoll.
The gnoll is severely wounded.
The gnoll hits you from afar with a +0 halberd.
The gnoll hits you with a +0 club.
You hit the gnoll.
You kill the gnoll!
The gnoll hits you but does no damage. The gnoll hits you with a +0 halberd!
You hit the gnoll.
The gnoll is moderately wounded.
The gnoll hits you with a +0 halberd!
* * * LOW HITPOINT WARNING * * *
You barely miss the gnoll.
The gnoll is moderately wounded.
The gnoll hits you with a +0 halberd!
You die...

...............<...........###
###..#................#....######
##......#......................[.
#.......##.#....#.###.#......#.##
..#....###.#..#.#.###.......##.##
.##................#####.........
....#...###.###..#.## #....##.##
.............##..#..#####......##
.....####......g@.....[..........
........ ...#...)).#..###..†.#.##
>#.##### #..#.##...........##.#
.#.# ## ## ###########..# . ##.#
#...... .# #..#... #....#. ♣...##
....#


You could see a gnoll.

Vanquished Creatures
  An adder (D:2)
  2 gnolls (D:3)
  A dart slug (D:3)
  2 ball pythons
  3 endoplasms (D:3)
  2 hobgoblins
  3 goblins
  A kobold (D:1)
  3 rats
18 creatures vanquished.

Vanquished Creatures (others)
  A plant (D:1)
1 creature vanquished.

Grand Total: 19 creatures vanquished

Notes
Turn   | Place    | Note
-------+----------+-------------------------------------------
     0 | D:1      | gzilladon the Hill Orc Monk began the quest for the Orb.
     0 | D:1      | Reached XP level 1. HP: 19/19 MP: 1/1
   707 | D:2      | Reached XP level 2. HP: 24/27 MP: 2/2
   708 | D:2      | Found Sokhluch's Weapon Emporium.
   745 | D:3      | Found a faded altar of an unknown god.
   863 | D:3      | Reached XP level 3. HP: 27/34 MP: 3/3
   955 | D:3      | Reached skill level 1 in Armour
   969 | D:3      | Slain by a gnoll

Illustrated notes

Levels and vault maps discovered:
D:1:      giann_bridges, layout_basic, minmay_statues_item, minmay_heptomino_h4
D:2:      layout_loops_ring, serial_shops, shop, shop,
          nicolae_shop_bloodbath_and_beyond, shop, basic_altar, uniq_terence
D:3:      layout_rooms, marbit_many_paths, fedhas_altar_4,
          ebering_ecumenical_altar_ruins, minmay_misc_feat_x

Skill      XL: |  1  2  3 |
---------------+----------+-----
Fighting       | 4 |  4.5
Armour         | 1 |  1.2
Axes           | |  4.5
Dodging        | |  2.6
Stealth        | |  1.5

Action                   || total
-------------------------++-------
Melee: Hand axe          ||    57
       Staff             ||     6
  Use: Potion            ||     1
Armor: Ring mail         ||    14
       Scale mail        ||     3
Dodge: Dodged            ||    45
